 Dungeon Crawl Stone Soup version 0.21.1-1-g345015f (webtiles) character file.

80 Merlin the Skirmisher (level 4, -4/37 HPs)
             Began as a Demonspawn Chaos Knight on July 7, 2018.
             Slain by a hobgoblin
             ... wielding a +0 club
             ... led by Robin
              (6 damage)
             ... on level 2 of the Dungeon.
             The game lasted 00:04:07 (1113 turns).

Merlin the Skirmisher (Demonspawn Chaos Knight)     Turns: 1113, Time: 00:04:09

Health: -4/37      AC:  5    Str: 13    XL:     4   Next: 18%
Magic:  4/4        EV: 11    Int: 13    God:    Xom [*.....]
Gold:   17         SH:  0    Dex: 13    Spells: 3/3 levels left

rFire    . . .     SeeInvis .   a - +0 mace (chaos)
rCold    . . .     Gourm    .   (no shield)
rNeg     + . .     Faith    .   b - +2 leather armour
rPois    .         Spirit   .   (no helmet)
rElec    .         Reflect  .   (no cloak)
rCorr    .         Harm     .   (no gloves)
MR       .....                  (no boots)
Stlth    ++........             (no amulet)
HPRegen  0.12/turn              d - ring of positive energy
MPRegen  0.09/turn              (no ring)

@: very slightly contaminated
A: hooves 2, nightstalker 1
a: Renounce Religion


You were on level 2 of the Dungeon.
You worshipped Xom.
You were a special plaything of Xom.
You were hungry.

You visited 1 branch of the dungeon, and saw 2 of its levels.

You collected 17 gold pieces.

Inventory:

Hand Weapons
 a - a +0 mace of chaos (weapon)
Armour
 b - a +2 leather armour (worn)
Jewellery
 d - a ring of positive energy (left hand)
Scrolls
 f - a scroll of fog {unknown}
 g - 2 scrolls of identify {unknown}
Potions
 h - a potion of degeneration {unknown}
Comestibles
 c - 4 rations


   Skills:
 + Level 3.7 Fighting
 + Level 3.4 Maces & Flails
 + Level 2.4 Armour
 + Level 1.3 Dodging
 + Level 0.3 Stealth


You had 3 spell levels left.
You didn't know any spells.

Dungeon Overview and Level Annotations

Branches:
Dungeon (2/15)

Altars:
Nemelex Xobeh

Annotations:
D:2 Robin


Innate Abilities, Weirdness & Mutations

You have hoof-like feet.
You are slightly more attuned to the shadows.


Message History

The goblin no longer looks unusually strong.
The goblin hits you with a club.
* * * LOW HITPOINT WARNING * * *
The goblin closely misses you.
The hobgoblin hits you but does no damage.
Unknown command.
You hit the goblin.
You kill the goblin!
You hear Xom's avuncular chuckle.
The hobgoblin flickers and vanishes!
Deactivating autopickup; reactivate with Ctrl-A.
The goblin hits you but does no damage. Something hits you but does no damage.
The goblin hits you with an uncursed dagger.
* * * LOW HITPOINT WARNING * * *
A rat comes into view.
You sock the hobgoblin!
Lightning courses through the hobgoblin!
You kill the hobgoblin!
Something hits you.
You die...

.##...##... g..##....#
.....#... ......
...?.#.#### ......
........... ....r
......##### ....
#....g.######## ..#
#.............###g.#
#......###....##@{.#
#....#..##....##)#g##
#....#.....####gg#..##
#######...g............
######.....%.....
###......... ##########


You could see Robin, 3 goblins and a rat.

Vanquished Creatures
  A jelly (D:2)
  2 adders (D:2)
  An ooze (D:2)
  A dart slug (D:2)
  3 leopard geckos (D:1)
  7 goblins
  2 hobgoblins
  A bat (D:1)
  4 frilled lizards
  4 kobolds
  2 rats
28 creatures vanquished.

Vanquished Creatures (others)
  A goblin (D:2)
1 creature vanquished.

Grand Total: 29 creatures vanquished

Notes
Turn   | Place    | Note
-------+----------+-------------------------------------------
     0 | D:1      | Merlin the Demonspawn Chaos Knight began the quest for the Orb.
     0 | D:1      | Reached XP level 1. HP: 18/18 MP: 1/1
   127 | D:1      | XOM: potion effect (might)
   320 | D:1      | Gained mutation: You have large cloven feet. [demonic ancestry]
   320 | D:1      | Reached XP level 2. HP: 16/24 MP: 2/2
   334 | D:1      | XOM: silly message
   406 | D:1      | Reached skill level 1 in Dodging
   652 | D:1      | XOM: harmless Hex miscast
   740 | D:2      | Gained mutation: You are slightly more attuned to the shadows. [demonic ancestry]
   740 | D:2      | Reached XP level 3. HP: 16/29 MP: 3/3
   802 | D:2      | XOM: harmless Erth miscast
   925 | D:2      | Found a sparkling altar of Nemelex Xobeh.
   926 | D:2      | Noticed Terence
   928 | D:2      | Noticed Terence
   928 | D:2      | Terence changed into Terence the jelly
   928 | D:2      | XOM: polymorph Terence -> Terence the jelly
   931 | D:2      | Killed Terence the jelly
  1048 | D:2      | Noticed Robin
  1054 | D:2      | XOM: fog
  1063 | D:2      | Gained mutation: You have hoof-like feet. [demonic ancestry]
  1063 | D:2      | Reached XP level 4. HP: 31/37 MP: 4/4
  1073 | D:2      | XOM: enchant monster (bad)
  1112 | D:2      | XOM: enchant monster (bad)
  1113 | D:2      | Slain by a hobgoblin

Skill      XL: |  1  2 |
---------------+-------+-----
Maces & Flails | 3 |  3.4
Dodging        | 1 |  1.3
Armour         | 2 |  2.4
Fighting       | |  3.7
Stealth        | |  0.3

Action                   |  1- 3 |  4- 6 || total
-------------------------+-------+-------++-------
Melee: Mace              |    70 |    17 ||    87
       Kick              |     5 |       ||     5
  Use: Scroll            |     1 |     1 ||     2
       Potion            |       |     2 ||     2
Armor: Leather armour    |    34 |    15 ||    49
Dodge: Dodged            |    43 |    21 ||    64
